 Dungeon Crawl Stone Soup version 0.29-a0-219-g0a02b1cf4f (webtiles) character file.

Game seed: 14981400450529192164

36 sammy202020 the Skirmisher (level 3, 0/34 HPs)
             Began as a Naga Fighter on Feb 26, 2022.
             Slain by a kobold
             ... wielding a +0 whip
              (2 damage)
             ... on level 2 of the Dungeon.
             The game lasted 00:02:08 (1278 turns).

sammy202020 the Skirmisher (Naga Fighter)           Turns: 1278, Time: 00:02:09

Health: 0/34       AC:  4    Str: 20    XL:     3   Next: 37%
Magic:  3/3        EV:  7    Int:  8    God:
Gold:   75         SH:  4    Dex: 10    Spells: 2/2 levels left

rFire   . . .      SeeInvis +   a - +0 flail
rCold   . . .      Faith    .   c - +0 buckler
rNeg    . . .      Spirit   .   b - +0 scale mail
rPois   +          Reflect  .   (no helmet)
rElec   .          Harm     .   (no cloak)
rCorr   .          Rampage  .   (no gloves)
Will    .....                   (no barding)
Stlth   ..........              (no amulet)
HPRegen 0.11/turn               (no ring)
MPRegen 0.08/turn               (no ring)

@: very slow
A: AC +1, large, see invisible, deformed body, poison resistance, slowness 2,
spit poison 1, naga tail 1
a: Spit Poison


You were on level 2 of the Dungeon.
You visited 1 branch of the dungeon, and saw 2 of its levels.

You collected 75 gold pieces.

Inventory:

Hand Weapons
 a - a +0 flail (weapon)
Armour
 b - a +0 scale mail (worn)
 c - a +0 buckler (worn)
Jewellery
 e - a ring of ice
Scrolls
 f - a scroll of teleportation {unknown}
 g - a scroll of enchant weapon {unknown}
 h - 2 scrolls of identify {unknown}
Potions
 d - 3 potions of might
 i - a potion of resistance {unknown}
 j - a potion of flight {unknown}
 k - a potion of magic {unknown}
 l - a potion of degeneration {unknown}


   Skills:
 + Level 3.3 Fighting
 + Level 2.3 Maces & Flails
 + Level 2.7 Armour
 + Level 0.8 Dodging
 + Level 2.6 Shields


You had 2 spell levels left.
You didn't know any spells.
Your spell library contained the following spells:

 Spells                   Type           Power      Damage    Failure   Level
 Frozen Ramparts          Ice            0%         1d2       99%         3
 Ice Form                 Ice/Tmut       0%         N/A       100%        4
 Summon Ice Beast         Ice/Summ       0%         N/A       100%        4


Dungeon Overview and Level Annotations

Branches:
Dungeon (2/15)

Altars:
Wu Jian


Innate Abilities, Weirdness & Mutations

Your serpentine skin is tough. (AC +1)
You have supernaturally acute eyesight. (SInv)
Armour fits poorly on your strangely shaped body.
Your system is resistant to poisons. (rPois)
You cover ground very slowly.
You can spit poison.
You have a snake-like lower body.


Message History

You are too injured to fight recklessly!
You are too injured to fight recklessly!
You are too injured to fight recklessly!
You are too injured to fight recklessly!
You are too injured to fight recklessly!
You are too injured to fight recklessly!
There are monsters nearby!
You feel sick.
You hit the adder.
The adder is heavily wounded.
You feel sick.
You are no longer poisoned.
The adder closely misses you. The adder bites you.
You are poisoned.
The adder poisons you!
Okay, then.
Aiming: Spit Poison (2% risk of failure)
Press: ? - help, Q - select action Shift-Dir - straight line, f - adder
Aim: an adder (heavily wounded, 37% to hit)
The splash of poison misses the adder.
The splash of poison misses the kobold.
You feel sick. The adder bites you but does no damage.
You sock the adder!
You kill the adder!
You feel sick.
You hit the kobold.
The kobold is severely wounded.
You have got your breath back.
You feel sick. The kobold hits you with a +0 whip.
* * * LOW HITPOINT WARNING * * *
You barely miss the kobold.
The kobold is severely wounded.
You feel sick. You block the kobold's attack.
The kobold hits you but does no damage.
You closely miss the kobold.
The kobold is severely wounded.
* * * LOW HITPOINT WARNING * * *
You feel sick.
You are no longer poisoned.
The kobold hits you with a +0 whip.
You die...

#... . #... .# #... . ..
#... .. #. #... ...###.
###. #..... ###..
.#.....######## ##...#
.......K@><...# ##.)...
..##.#####....#####.<....
##..............
#...#.####..... #...#.#
#..... #.....# #.....
#.##### ###<## ..# ..#
### .###


You could see a kobold.

Vanquished Creatures
  An adder (D:2)
  3 endoplasms (D:1)
  3 giant cockroaches
  4 goblins (D:1)
  3 hobgoblins (D:1)
  2 quokkas (D:1)
  3 bats (D:1)
  2 frilled lizards (D:1)
  A kobold (D:1)
  3 rats
25 creatures vanquished.

Notes
Turn   | Place    | Note
-------+----------+-------------------------------------------
     0 | D:1      | sammy202020 the Naga Fighter began the quest for the Orb.
     0 | D:1      | Reached XP level 1. HP: 21/21 MP: 1/1
   169 | D:1      | Reached XP level 2. HP: 19/28 MP: 2/2
   771 | D:1      | Reached XP level 3. HP: 30/34 MP: 3/3
  1030 | D:1      | Found a faded altar of an unknown god.
  1133 | D:1      | Found an ornate altar of the Wu Jian Council.
  1278 | D:2      | Slain by a kobold

Illustrated notes

Levels and vault maps discovered:
D:1:      dpeg_arrival_lava_altar, layout_loops_ring,
          dilly_ecumenical_altar_fadedgnrine
D:2:      layout_rooms, chequers_garden

Action                   || total
-------------------------++-------
Melee: Flail             ||    65
 Abil: Spit Poison       ||     2
Armor: Scale mail        ||    27
Dodge: Dodged            ||    23
Block: Buckler           ||     9

Table legend: (Time is in decaauts)
 A = Elapsed time spent in this place.
 B = Non-inter-level travel time spent in this place.
 C = Inter-level travel time spent in this place.
 D = Time resting spent in this place.
 E = Time spent auto-exploring this place.
 F = Levels seen in this place.
 G = Mean time per level.
                   A        B        C        D        E       F      G
               +--------+--------+--------+--------+--------+-----+--------+
         Total |   1614 |   1614 |      0 |      0 |   1325 |   2 |  807.0 |
       Dungeon |   1614 |   1614 |      0 |      0 |   1325 |   2 |  807.0 |
               +--------+--------+--------+--------+--------+-----+--------+

Top non-repeatable levels by time:
     D:1: 1518 daAuts
     D:2: 95 daAuts
